TOP OF THE 1ST |
Reading Rainbows batting - Pitching for Penquannock Overrated Jeter : LHP Jason Simpson
|
Pitching: LHP Jason Simpson
|
|
Batting: RHB Von Ford
|
0-0: Ball 1-0: Ball 2-0: Ball 3-0: Base on Balls
|
Batting: LHB Shane Lynch
|
0-0: Called Strike 0-1: Ball 1-1: Ball 2-1: Ball 3-1: Called Strike 3-2: Strikes out swinging Von Ford steals 2nd base Batter strikes out.
|
Batting: LHB António Salazar
|
0-0: Ball 1-0: Called Strike 1-1: Ball 2-1: Foul Ball, location: 2F 2-2: Fly out, F7 (Flyball, 7)
|
Batting: RHB Ron King
|
0-0: Swinging Strike 0-1: Ball 1-1: Ground out 6-3 (Groundball, 6M)
|
Top of the 1st over - 0 run(s), 0 hit(s), 0 error(s), 1 left on base; Reading 0 - Penquannock 0 |
BOTTOM OF THE 1ST |
Penquannock Overrated Jeter batting - Pitching for Reading Rainbows : RHP Juan Martínez
|
Pitching: RHP Juan Martínez
|
|
Batting: RHB Aaron Holt
|
0-0: Ground out 6-3 (Groundball, 6)
|
Batting: SHB Tim Reid
|
0-0: Ball 1-0: Foul Ball, location: 2F 1-1: Ball 2-1: Fly out, F9 (Line Drive, 89M)
|
Batting: RHB Doug Brown
|
0-0: Called Strike 0-1: Called Strike 0-2: Ball 1-2: Ball 2-2: DOUBLE (Flyball, 7D)
|
Batting: RHB Armando Pagán
|
0-0: Ball 1-0: TRIPLE (Line Drive, 89D) Doug Brown scores
|
Batting: LHB Pete Weber
|
0-0: Foul Ball, location: 2F 0-1: Foul Ball, location: 2F 0-2: Ball 1-2: Ball 2-2: Ball 3-2: Foul Ball, location: 2F 3-2: Foul Ball, location: 2F 3-2: Strikes out looking
|
Bottom of the 1st over - 1 run(s), 2 hit(s), 0 error(s), 1 left on base; Reading 0 - Penquannock 1 |
TOP OF THE 2ND |
Reading Rainbows batting - Pitching for Penquannock Overrated Jeter : LHP Jason Simpson
|
Batting: LHB John Hudson
|
0-0: Called Strike 0-1: Fly out, F7 (Flyball, 7S)
|
Batting: RHB Tim Davis
|
0-0: Foul Ball, location: 2F 0-1: Swinging Strike 0-2: Ball 1-2: Fly out, F9 (Line Drive, 9)
|
Batting: SHB Dan Chandler
|
0-0: Foul Ball, location: 2F 0-1: Swinging Strike 0-2: Strikes out looking
|
Top of the 2nd over - 0 run(s), 0 hit(s), 0 error(s), 0 left on base; Reading 0 - Penquannock 1 |
BOTTOM OF THE 2ND |
Penquannock Overrated Jeter batting - Pitching for Reading Rainbows : RHP Juan Martínez
|
Batting: LHB Tony Green
|
0-0: Fly out, F7 (Flyball, 7S)
|
Batting: LHB Matt Reese
|
0-0: Called Strike 0-1: Swinging Strike 0-2: Ball 1-2: Strikes out swinging
|
Batting: RHB Vincent Fields
|
0-0: Swinging Strike 0-1: Ball 1-1: Ground out 4-3 (Groundball, 4)
|
Bottom of the 2nd over - 0 run(s), 0 hit(s), 0 error(s), 0 left on base; Reading 0 - Penquannock 1 |
TOP OF THE 3RD |
Reading Rainbows batting - Pitching for Penquannock Overrated Jeter : LHP Jason Simpson
|
Batting: RHB Hubert Brown
|
0-0: Ball 1-0: Foul Ball, location: 2F 1-1: Swinging Strike 1-2: Foul Ball, location: 2F 1-2: Strikes out looking
|
Batting: RHB Louis Smith
|
0-0: Ball 1-0: Called Strike 1-1: Foul Ball, location: 2F 1-2: Ball 2-2: Foul Ball, location: 2F 2-2: Ball 3-2: SINGLE (Flyball, 7LM)
|
Pitching: LHP Héctor Díaz
|
|
Batting: RHB Von Ford
|
0-0: Foul Ball, location: 2F 0-1: Ball 1-1: Called Strike 1-2: Foul Ball, location: 2F 1-2: Strikes out swinging
|
Batting: LHB Shane Lynch
|
0-0: Ball 1-0: SINGLE (Groundball, 34D) Louis Smith to second Runner from 2nd tries for 3rd, SAFE, throw made to third
|
Batting: LHB António Salazar
|
0-0: Called Strike 0-1: Ball 1-1: Ball 2-1: Ball 3-1: Base on Balls Shane Lynch to second
|
Batting: RHB Ron King
|
0-0: Ball 1-0: Ball 2-0: Called Strike 2-1: Swinging Strike 2-2: Foul Ball, location: 2F 2-2: Strikes out swinging
|
Top of the 3rd over - 0 run(s), 2 hit(s), 0 error(s), 3 left on base; Reading 0 - Penquannock 1 |
BOTTOM OF THE 3RD |
Penquannock Overrated Jeter batting - Pitching for Reading Rainbows : RHP Juan Martínez
|
Batting: LHB Eric Powell
|
0-0: Called Strike 0-1: Fly out, F9 (Flyball, 9)
|
Batting: RHB Aaron Holt
|
0-0: Swinging Strike 0-1: Ball 1-1: Foul Ball, location: 2F 1-2: Ball 2-2: Ball 3-2: Strikes out swinging
|
Batting: SHB Tim Reid
|
0-0: Ball 1-0: Swinging Strike 1-1: Ball 2-1: Foul Ball, location: 2F 2-2: Foul Ball, location: 2F 2-2: Ball 3-2: Ground out 6-3 (Groundball, 6)
|
Bottom of the 3rd over - 0 run(s), 0 hit(s), 0 error(s), 0 left on base; Reading 0 - Penquannock 1 |
TOP OF THE 4TH |
Reading Rainbows batting - Pitching for Penquannock Overrated Jeter : LHP Héctor Díaz
|
Batting: LHB John Hudson
|
0-0: Ball 1-0: Foul Ball, location: 2F 1-1: Ball 2-1: Called Strike 2-2: Strikes out swinging
|
Batting: RHB Tim Davis
|
0-0: Called Strike 0-1: Fly out, F8 (Flyball, 8RD)
|
Batting: SHB Dan Chandler
|
0-0: Ball 1-0: Bunted foul 1-1: Fly out, F3 (Flyball, 3D)
|
Top of the 4th over - 0 run(s), 0 hit(s), 0 error(s), 0 left on base; Reading 0 - Penquannock 1 |
BOTTOM OF THE 4TH |
Penquannock Overrated Jeter batting - Pitching for Reading Rainbows : RHP Juan Martínez
|
Batting: RHB Doug Brown
|
0-0: Ball 1-0: Ball 2-0: Called Strike 2-1: SINGLE (Groundball, 56D)
|
Batting: RHB Armando Pagán
|
0-0: Called Strike 0-1: 2-RUN HOME RUN (Flyball, 8RXD), Distance : 436 ft
|
Batting: LHB Pete Weber
|
0-0: SOLO HOME RUN (Flyball, 89XD), Distance : 417 ft
|
Batting: LHB Tony Green
|
0-0: Ball 1-0: Ball 2-0: Ground out 6-3 (Groundball, 56)
|
Batting: LHB Matt Reese
|
0-0: Ball 1-0: Ball 2-0: Foul Ball, location: 2F 2-1: Swinging Strike 2-2: Ground out 5-3 (Groundball, 5S)
|
Batting: RHB Vincent Fields
|
0-0: SINGLE (Groundball, 56D)
|
Batting: LHB Eric Powell
|
0-0: Ball Vincent Fields steals 2nd base 1-0: Swinging Strike 1-1: Called Strike 1-2: Foul Ball, location: 2F 1-2: Ball 2-2: Ball 3-2: Base on Balls
|
Batting: RHB Aaron Holt
|
0-0: Ball 1-0: Foul Ball, location: 2F 1-1: SINGLE (Groundball, 34D) Vincent Fields to third Eric Powell to second Runner from 3rd tries for Home, SAFE, no throw
|
Batting: SHB Tim Reid
|
0-0: Called Strike 0-1: SINGLE (Flyball, 89S) Eric Powell to third Aaron Holt to second Runner from 3rd tries for Home, SAFE, no throw
|
Pitching: LHP Robert Trent
|
|
Batting: RHB Doug Brown
|
0-0: Ball 1-0: Ball 2-0: Foul Ball, location: 2F 2-1: Foul Ball, location: 2F 2-2: Ground out 5-3 (Groundball, 56S)
|
Bottom of the 4th over - 5 run(s), 6 hit(s), 0 error(s), 2 left on base; Reading 0 - Penquannock 6 |
TOP OF THE 5TH |
Reading Rainbows batting - Pitching for Penquannock Overrated Jeter : LHP Héctor Díaz
|
Batting: RHB Hubert Brown
|
0-0: Foul Ball, location: 2F 0-1: Ground out 1-3 (Groundball, P)
|
Batting: RHB Louis Smith
|
0-0: Ball 1-0: Called Strike 1-1: Ball 2-1: Ground out 4-3 (Groundball, 4)
|
Batting: RHB Von Ford
|
0-0: Foul Ball, location: 2F 0-1: Called Strike 0-2: Foul Ball, location: 2F 0-2: Foul Ball, location: 2F 0-2: Ball 1-2: Foul Ball, location: 2F 1-2: Ball 2-2: Strikes out looking
|
Top of the 5th over - 0 run(s), 0 hit(s), 0 error(s), 0 left on base; Reading 0 - Penquannock 6 |
BOTTOM OF THE 5TH |
Penquannock Overrated Jeter batting - Pitching for Reading Rainbows : LHP Robert Trent
|
Batting: RHB Armando Pagán
|
0-0: Swinging Strike 0-1: Ball 1-1: Swinging Strike 1-2: Foul Ball, location: 2F 1-2: Foul Ball, location: 2F 1-2: Ball 2-2: DOUBLE (Line Drive, 89XD)
|
Batting: LHB Pete Weber
|
0-0: Called Strike 0-1: SINGLE (Groundball, 6D) Armando Pagán to third Runner from 3rd tries for Home, SAFE, no throw
|
Batting: LHB Tony Green
|
0-0: Called Strike 0-1: Foul Ball, location: 2F 0-2: Ball 1-2: Foul Ball, location: 2F 1-2: Ball 2-2: Strikes out swinging
|
Batting: LHB Matt Reese
|
0-0: Ball 1-0: Called Strike 1-1: Swinging Strike 1-2: Ball 2-2: Ball Pete Weber is caught stealing 2nd base 3-2: Strikes out swinging
|
Bottom of the 5th over - 1 run(s), 2 hit(s), 0 error(s), 0 left on base; Reading 0 - Penquannock 7 |
TOP OF THE 6TH |
Reading Rainbows batting - Pitching for Penquannock Overrated Jeter : LHP Héctor Díaz
|
Batting: LHB Shane Lynch
|
0-0: Foul Ball, location: 2F 0-1: Ball 1-1: Foul Ball, location: 2F 1-2: Strikes out looking
|
Batting: LHB António Salazar
|
0-0: Ball 1-0: Called Strike 1-1: Ball 2-1: Foul Ball, location: 2F 2-2: Foul Ball, location: 2F 2-2: Strikes out swinging
|
Batting: RHB Ron King
|
0-0: Ball 1-0: Foul Ball, location: 2F 1-1: SINGLE (Groundball, 6MD)
|
Batting: LHB John Hudson
|
0-0: Called Strike 0-1: Fly out, F3 (Line Drive, 34)
|
Top of the 6th over - 0 run(s), 1 hit(s), 0 error(s), 1 left on base; Reading 0 - Penquannock 7 |
BOTTOM OF THE 6TH |
Penquannock Overrated Jeter batting - Pitching for Reading Rainbows : LHP Robert Trent
|
Batting: RHB Vincent Fields
|
0-0: Swinging Strike 0-1: Ball 1-1: Swinging Strike 1-2: Foul Ball, location: 2F 1-2: Strikes out swinging
|
Batting: LHB Eric Powell
|
0-0: Called Strike 0-1: Ball 1-1: Ball 2-1: Foul Ball, location: 2F 2-2: Ball 3-2: Base on Balls
|
Batting: RHB Aaron Holt
|
0-0: Called Strike 0-1: Swinging Strike 0-2: Ball 1-2: Fly out, F3 (Popup, 3L)
|
Batting: SHB Tim Reid
|
0-0: Called Strike 0-1: Foul Ball, location: 2F 0-2: Ball 1-2: Ball Eric Powell steals 2nd base 2-2: Foul Ball, location: 2F 2-2: SINGLE (Groundball, 6MD) Eric Powell to third Runner from 3rd tries for Home, SAFE, no throw
|
Batting: RHB Doug Brown
|
0-0: Called Strike 0-1: Ball 1-1: Ball 2-1: Foul Ball, location: 2F 2-2: Strikes out looking
|
Bottom of the 6th over - 1 run(s), 1 hit(s), 0 error(s), 1 left on base; Reading 0 - Penquannock 8 |
TOP OF THE 7TH |
Reading Rainbows batting - Pitching for Penquannock Overrated Jeter : LHP Héctor Díaz
|
Pitching: RHP Toshikuni Nishimura
|
|
Batting: RHB Tim Davis
|
0-0: Ground out 5-3 (Groundball, 25)
|
Batting: SHB Dan Chandler
|
0-0: Foul Ball, location: 2F 0-1: Ball 1-1: Swinging Strike 1-2: Foul Ball, location: 2F 1-2: Ball 2-2: Ball 3-2: Strikes out swinging
|
Batting: RHB Hubert Brown
|
0-0: Called Strike 0-1: Ball 1-1: Foul Ball, location: 2F 1-2: Strikes out looking
|
Top of the 7th over - 0 run(s), 0 hit(s), 0 error(s), 0 left on base; Reading 0 - Penquannock 8 |
BOTTOM OF THE 7TH |
Penquannock Overrated Jeter batting - Pitching for Reading Rainbows : LHP Robert Trent
|
Pitching: RHP Chris Lee
|
|
Batting: RHB Armando Pagán
|
0-0: Swinging Strike 0-1: Swinging Strike 0-2: Ball 1-2: Foul Ball, location: 2F 1-2: Ball 2-2: Foul Ball, location: 2F 2-2: Strikes out swinging
|
Batting: LHB Pete Weber
|
0-0: Ball 1-0: Ground out 4-3 (Groundball, 4)
|
Batting: LHB Tony Green
|
0-0: Called Strike 0-1: Ball 1-1: Ground out U3 (Groundball, 34)
|
Bottom of the 7th over - 0 run(s), 0 hit(s), 0 error(s), 0 left on base; Reading 0 - Penquannock 8 |
TOP OF THE 8TH |
Reading Rainbows batting - Pitching for Penquannock Overrated Jeter : RHP Toshikuni Nishimura
|
Batting: RHB Louis Smith
|
0-0: Called Strike 0-1: Foul Ball, location: 2F 0-2: Foul Ball, location: 2F 0-2: Ball 1-2: Strikes out swinging
|
Batting: RHB Von Ford
|
0-0: Ball 1-0: Foul Ball, location: 2F 1-1: Foul Ball, location: 2F 1-2: Ground out 4-3 (Groundball, 4M)
|
Pinch Hitting: LHB Richard Henry
|
0-0: Foul Ball, location: 2F 0-1: Ball 1-1: Ball 2-1: Foul Ball, location: 2F 2-2: Foul Ball, location: 2F 2-2: Ball 3-2: Base on Balls
|
Batting: LHB António Salazar
|
0-0: Swinging Strike 0-1: Called Strike 0-2: Ball 1-2: Ball 2-2: Strikes out swinging
|
Top of the 8th over - 0 run(s), 0 hit(s), 0 error(s), 1 left on base; Reading 0 - Penquannock 8 |
BOTTOM OF THE 8TH |
Penquannock Overrated Jeter batting - Pitching for Reading Rainbows : RHP Chris Lee
|
Now in LF: Richard Henry
|
|
Batting: LHB Matt Reese
|
0-0: Called Strike 0-1: Ball 1-1: SINGLE (Groundball, 34D)
|
Batting: RHB Vincent Fields
|
0-0: Ball 1-0: Called Strike 1-1: Called Strike 1-2: Ball Wild Pitch! Matt Reese to second 2-2: Foul Ball, location: 2F 2-2: Strikes out swinging
|
Batting: LHB Eric Powell
|
0-0: Ball 1-0: Called Strike 1-1: Ball 2-1: Fly out, F8 (Flyball, 8RD) Runner from 2nd tags up, SAFE at 3rd, no throw
|
Batting: RHB Aaron Holt
|
0-0: Called Strike 0-1: Called Strike 0-2: Foul Ball, location: 2F 0-2: Ball 1-2: Strikes out swinging
|
Bottom of the 8th over - 0 run(s), 1 hit(s), 0 error(s), 1 left on base; Reading 0 - Penquannock 8 |
TOP OF THE 9TH |
Reading Rainbows batting - Pitching for Penquannock Overrated Jeter : RHP Toshikuni Nishimura
|
Batting: RHB Ron King
|
0-0: Ball 1-0: Foul Ball, location: 2F 1-1: Ground out 6-3 (Groundball, 6S)
|
Batting: LHB John Hudson
|
0-0: Ball 1-0: Swinging Strike 1-1: Ball 2-1: Foul Ball, location: 2F 2-2: Strikes out swinging
|
Batting: RHB Tim Davis
|
0-0: Ball 1-0: Foul Ball, location: 2F 1-1: Fly out, F8 (Flyball, 8LM)
|
Top of the 9th over - 0 run(s), 0 hit(s), 0 error(s), 0 left on base; Reading 0 - Penquannock 8 |
|